 Dungeon Crawl Stone Soup version 0.29.1-15-g9cfb28693d (webtiles) character file.

Game seed: 62913328866434699

15786 BeingJoeMalik the Spear-Bearer (level 12, -24/111 HPs)
             Began as a Naga Fighter on Mar 24, 2023.
             Was a High Priest of Okawaru.
             Killed from afar by an ice dragon (27 damage)
             ... with a blast of cold
             ... on level 11 of the Dungeon on Mar 25, 2023.
             The game lasted 00:31:14 (14166 turns).

BeingJoeMalik the Spear-Bearer (Naga Fighter)      Turns: 14166, Time: 00:31:16

Health: -24/111    AC: 16    Str: 24    XL:     12   Next: 30%
Magic:  12/12      EV: 10    Int: 10    God:    Okawaru [*****.]
Gold:   1185       SH:  6    Dex: 15    Spells: 11/11 levels left

rFire   + . .      SeeInvis +   a - +0 trident (venom)
rCold   . . .      Faith    .   c - +1 buckler
rNeg    . . .      Spirit   .   F - +4 ring mail {Will+}
rPois   +          Reflect  .   t - +2 hat
rElec   .          Harm     .   (no cloak)
rCorr   .          Rampage  .   J - +1 pair of gloves {hurl}
Will    +++..                   (no barding)
Stlth   +.........              K - amulet of the Snail {Will+ Regen+}
HPRegen 1.08/turn               q - +6 ring of strength
MPRegen 0.13/turn               o - ring of protection from fire

@: mighty, hasted, quick
A: AC +4, large, see invisible, deformed body, poison resistance, slowness 2,
spit poison 1, naga tail 1
a: Spit Poison, Renounce Religion, Heroism, Finesse, Duel


You were on level 11 of the Dungeon.
You worshipped Okawaru.
Okawaru was extremely pleased with you.
You visited 1 branch of the dungeon, and saw 11 of its levels.

You collected 1185 gold pieces.

Inventory:

Hand Weapons
 a - a +0 trident of venom (weapon)
 s - a +6 vorpal bardiche
 I - a +0 trident of venom
Missiles
 m - 42 poisoned darts (quivered)
 r - 2 throwing nets
 H - 5 curare-tipped darts
Armour
 b - a +1 chain mail of fire resistance
 c - a +1 buckler (worn)
 p - a +0 troll leather armour
 t - a +2 hat (worn)
 F - a +4 ring mail of willpower (worn)
 G - a +1 robe of fire resistance
 J - a +1 pair of gloves of hurling (worn)
Jewellery
 k - an amulet of guardian spirit
 l - a ring of flight
 o - a ring of protection from fire (right hand)
 q - a +6 ring of strength (left hand)
 K - the amulet of the Snail (around neck) {Will+ Regen+}
   (You acquired it on level 9 of the Dungeon)

   [amulet of regeneration]

   Regen:     It increases your rate of health regeneration.
   Will:      It increases your willpower.
 M - a ring of magical power
 O - a ring of magical power
Wands
 f - a wand of mindburst (26)
 n - a wand of flame (18)
 C - a wand of polymorph (12)
 D - a wand of roots (9)
Scrolls
 e - a scroll of magic mapping
 g - 7 scrolls of teleportation
 u - 5 scrolls of torment
 w - a scroll of enchant armour
 y - 6 scrolls of identify
 E - 3 scrolls of blinking
 L - a scroll of amnesia
 N - a scroll of fear
Potions
 h - a potion of flight
 j - 2 potions of cancellation
 v - a potion of brilliance
 x - 2 potions of mutation
 A - a potion of ambrosia
 B - 2 potions of invisibility
 P - a potion of curing


   Skills:
 + Level 8.3 Fighting
 - Level 14.4 Polearms
 + Level 7.0 Armour
 + Level 4.8 Dodging
 + Level 5.5 Shields


You had 11 spell levels left.
You didn't know any spells.
Your spell library contained the following spells:

 Spells                   Type           Power      Damage    Failure   Level
 Beastly Appendage        Tmut           0%         N/A       56%         1
 Sandblast                Erth           0%         2d4       56%         1
 Passwall                 Tmut/Erth      0%         N/A       71%         2
 Wereblood                Tmut           0%         N/A       71%         2
 Conjure Flame            Conj/Fire      0%         6-21      90%         3
 Ignite Poison            Fire/Tmut/Pois 0%         N/A       90%         3
 Spider Form              Tmut/Pois      0%         N/A       90%         3
 Stone Arrow              Conj/Erth      0%         3d7       90%         3
 Airstrike                Air            0%         2d(0-16)  100%        4
 Sticky Flame             Conj/Fire      0%         2d3       100%        4
 Lightning Bolt           Conj/Air       0%         1d11      100%        5
 Summon Lightning Spire   Summ/Air       Unusable   N/A       N/A         4

Dungeon Overview and Level Annotations

Branches:
Dungeon (11/15)            Temple (0/1) D:6            Lair (0/5) D:11
    Orc (0/2) D:10

Altars:
Cheibriados
Fedhas
Kikubaaqudgha
Nemelex Xobeh
Okawaru
Sif Muna
Uskayaw
Vehumet
Yredelemnul
The Shining One

Shops:
D:2 ?   D:4 (   D:8 (

Annotations:
D:9 2 transporters, croobank's ghost, journeyman DsFE


Innate Abilities, Weirdness & Mutations

Your serpentine skin is tough. (AC +4)
You have supernaturally acute eyesight. (SInv)
Armour fits poorly on your strangely shaped body.
Your system is resistant to poisons. (rPois)
You cover ground very slowly.
You can spit poison.
You have a snake-like lower body.


Message History

The ice devil is severely wounded.
The ice dragon breathes frost at you.
The blast of cold hits the ice devil.
The ice devil completely resists.
The blast of cold hits the ice devil.
The ice devil completely resists.
The blast of cold hits you!!
You are too injured to fight recklessly!
You are too injured to fight recklessly!
You barely miss the ice devil.
The ice devil is severely wounded.
The ice devil barely misses you.
You puncture the ice devil!
You kill the ice devil!
Okawaru accepts your kill.
You closely miss the ice devil. You hit the ice devil but do no damage.
The ice devil hits you!
* * * LOW HITPOINT WARNING * * *
The ice devil freezes you!
* * * LOW HITPOINT WARNING * * *
Unknown command.
You puncture the ice devil!
The ice devil is moderately wounded.
The ice devil barely misses you.
You feel much better. The ice devil barely misses you.
You feel yourself speed up. You block the ice devil's attack.
The ice dragon breathes frost at you.
The blast of cold hits the ice devil.
The ice devil completely resists.
The blast of cold hits the ice devil.
The ice devil completely resists.
The blast of cold hits you!!!
* * * LOW HITPOINT WARNING * * *
You hear a bellow!
You completely miss the ice devil.
The ice devil is moderately wounded.
You barely miss the ice devil.
The ice devil is moderately wounded.
The ice devil closely misses you. The ice dragon breathes frost at you.
The blast of cold hits the ice devil.
The ice devil completely resists.
The blast of cold hits the ice devil.
The ice devil completely resists.
The blast of cold hits you!!
You die...

#...........÷
#............
#............
#............
#............ ~
#..########.. ≈~~
####..# #..
~~~ZD####..#..#####
#..
≈~~hZ44@..........#
#..
~~~.Z####....####.##
##. ~~~ ###.## #..#
## ~ ##?)## ##.#####
#....#####.....#
#.#......#####..
####.#.####.######.
#......# #.....###
#......# #####...#


You could see an ice dragon (catching breath), a polar bear, 2 ice devils, a
wolf simulacrum, a cane toad simulacrum and a two-headed ogre simulacrum.

Vanquished Creatures
  2 two-headed ogres
  4 death yaks
  A deep elf pyromancer (D:6)
  A gargoyle (D:11)
  3 unseen horror zombies
  An ice devil (D:11)
  2 trolls
  2 hornets (D:10)
  A shadow (D:10)
  20 yaks
  A spriggan (D:9)
  3 wyverns
  3 wraiths
  3 vampire mosquitoes (D:10)
  A steam dragon (D:6)
  A warg (D:10)
  A water moccasin (D:7)
  A black bear (D:7)
  A sky beast (D:7)
  4 orc warriors
  A wolf (D:11)
  7 centaurs
  5 kobold brigands
  2 necrophages (D:6)
  4 bullfrogs (D:8)
  3 scorpions
  3 gnoll sergeants
  15 wights
  16 killer bees
  3 electric eels (D:7)
  4 howler monkeys
  2 centaur zombies (D:9)
  5 hounds
  A jelly (D:7)
  5 orc priests
  A gnoll bouda (D:8)
  4 orc wizards
  An iguana (D:6)
  9 howler monkey zombies
  15 gnolls
  11 adders
  A worm (D:2)
  A dart slug (D:2)
  40 orcs
  2 bats
  5 endoplasms
  A giant cockroach (D:2)
  4 hobgoblins
  A jackal (D:4)
  29 kobolds
  9 quokkas
  5 ball pythons
  3 frilled lizards
  5 goblins
  6 rats
285 creatures vanquished.

Vanquished Creatures (others)
  20 plants
  5 withered plants (D:9)
25 creatures vanquished.

Grand Total: 310 creatures vanquished

Notes
Turn   | Place    | Note
-------+----------+-------------------------------------------
     0 | D:1      | BeingJoeMalik the Naga Fighter began the quest for the Orb.
     0 | D:1      | Reached XP level 1. HP: 21/21 MP: 1/1
   204 | D:1      | Reached XP level 2. HP: 28/28 MP: 2/2
   347 | D:1      | Reached skill level 3 in Polearms
  1117 | D:2      | Reached XP level 3. HP: 34/34 MP: 3/3
  1117 | D:2      | Found an iron altar of Okawaru.
  1125 | D:2      | Became a worshipper of Warmaster Okawaru
  1348 | D:2      | Found a faded altar of an unknown god.
  1362 | D:2      | You are sucked into a shaft and drop 2 floors!
  1406 | D:4      | Reached skill level 4 in Polearms
  1627 | D:3      | Reached XP level 4. HP: 42/42 MP: 4/4
  2089 | D:2      | Found Qygricvayff's Magic Scroll Emporium.
  2387 | D:3      | Reached skill level 5 in Polearms
  2387 | D:3      | Reached XP level 5. HP: 48/49 MP: 5/5
  3316 | D:4      | Found Jadwedax's Weapon Boutique.
  3339 | D:5      | Entered Level 5 of the Dungeon
  3368 | D:5      | Noticed a yak
  3368 | D:5      | Noticed a yak
  3368 | D:5      | Noticed a yak
  3369 | D:5      | Noticed a yak
  3380 | D:5      | Noticed a yak
  3386 | D:5      | Killed a yak
  3386 | D:5      | Reached * piety under Okawaru
  3387 | D:5      | Reached skill level 6 in Polearms
  3387 | D:5      | Reached XP level 6. HP: 41/56 MP: 3/6
  3389 | D:5      | Killed a yak
  3390 | D:5      | Reached skill level 7 in Polearms
  3390 | D:5      | Reached XP level 7. HP: 31/62 MP: 2/7
  3396 | D:5      | Killed a yak
  3397 | D:5      | Reached skill level 8 in Polearms
  3398 | D:5      | Killed a yak
  3398 | D:5      | Reached ** piety under Okawaru
  3407 | D:5      | Killed a yak
  3408 | D:5      | Reached skill level 9 in Polearms
  3408 | D:5      | Reached XP level 8. HP: 7/69 MP: 0/8
  3707 | D:5      | Found a snail-covered altar of Cheibriados.
  3776 | D:5      | Found a glowing golden altar of the Shining One.
  3887 | D:5      | Found a hide-covered altar of Uskayaw.
  4228 | D:5      | Found a blossoming altar of Fedhas.
  4612 | D:6      | Identified a scroll of acquirement
  4612 | D:6      | Acquired 580 gold pieces
  4749 | D:6      | Found a staircase to the Ecumenical Temple.
  4749 | D:6      | Noticed a yak
  4749 | D:6      | Noticed a yak
  4750 | D:6      | Noticed a yak
  4751 | D:6      | Noticed a yak
  4763 | D:6      | Killed a yak
  4763 | D:6      | Reached *** piety under Okawaru
  4764 | D:6      | Reached skill level 10 in Polearms
  4767 | D:6      | Noticed a yak
  4768 | D:6      | Killed a yak
  4779 | D:6      | Killed a yak
  4781 | D:6      | Killed a yak
  4782 | D:6      | Reached skill level 11 in Polearms
  4782 | D:6      | Reached XP level 9. HP: 6/75 MP: 1/9
  4791 | D:6      | Reached **** piety under Okawaru
  5226 | D:6      | Reached skill level 12 in Polearms
  5811 | D:6      | Noticed a deep elf pyromancer
  5824 | D:6      | Killed a deep elf pyromancer
  6246 | D:7      | Reached skill level 13 in Polearms
  6657 | D:7      | Reached XP level 10. HP: 42/84 MP: 6/10
  7164 | D:7      | Reached skill level 14 in Polearms
  7627 | D:8      | Found a radiant altar of Vehumet.
  7725 | D:8      | Reached ***** piety under Okawaru
  8415 | D:8      | Found a sparkling altar of Nemelex Xobeh.
  8485 | D:8      | Reached skill level 1 in Dodging
  8813 | D:8      | Found Lupnuoto's Hydra Hut.
  8840 | D:8      | Noticed an eight-headed hydra
  9489 | D:9      | Noticed a two-headed ogre
  9728 | D:9      | Killed a two-headed ogre
  9866 | D:9      | Received a gift from Okawaru
 10163 | D:9      | Reached skill level 5 in Armour
 10335 | D:9      | Reached XP level 11. HP: 79/93 MP: 8/11
 10421 | D:9      | Noticed a two-headed ogre
 10422 | D:9      | Noticed a two-headed ogre
 10422 | D:9      | Identified the +1 dire flail of Peebitty {flame, *Slow
                  | rElec Str+9 Int+2}
 10422 | D:9      | Noticed a two-headed ogre
 10422 | D:9      | Noticed croobank's ghost (journeyman DsFE)
 10423 | D:9      | Noticed a two-headed ogre
 10426 | D:9      | Found a transporter.
 10430 | D:9      | Found a transporter.
 10464 | D:9      | Reached skill level 5 in Fighting
 11764 | D:10     | Entered Level 10 of the Dungeon
 11804 | D:10     | Paralysed by a hornet for 1 turns
 12247 | D:10     | Identified the +4 flail of the Lusting Messenger {elec,
                  | rElec rF+ rCorr Dex-5}
 12297 | D:10     | Found a staircase to the Orcish Mines.
 12618 | D:9      | Acquired the amulet of the Snail {Will+ Regen+}
 12739 | D:10     | Found a shimmering blue altar of Sif Muna.
 12890 | D:10     | Paralysed by a hornet for 3 turns
 12974 | D:10     | Found an ancient bone altar of Kikubaaqudgha.
 13095 | D:10     | Found a basalt altar of Yredelemnul.
 13268 | D:11     | Noticed a death yak
 13269 | D:11     | Noticed a death yak
 13285 | D:10     | Identified the +7 chain mail "Careturaho" {Dex+4} (Okawaru
                  | gifted it to you on level 10 of the Dungeon)
 13285 | D:10     | Received a gift from Okawaru
 13386 | D:11     | Noticed a two-headed ogre
 13405 | D:10     | Killed a death yak
 13508 | D:11     | Killed a two-headed ogre
 13564 | D:11     | Noticed a death yak
 13567 | D:11     | Identified the +2 flail of Movoaden {protect, Contam Str+3}
 13595 | D:10     | Killed a death yak
 13596 | D:10     | Reached skill level 5 in Shields
 13596 | D:10     | Reached XP level 12. HP: 80/109 MP: 12/12
 13689 | D:11     | Found a staircase to the Lair.
 13725 | D:11     | Killed a death yak
 13932 | D:11     | Found a snail-covered altar of Cheibriados.
 14119 | D:11     | Noticed a death yak
 14134 | D:11     | Noticed an ice dragon
 14155 | D:11     | Killed a death yak
 14164 | D:11     | HP: 2/111 [ice dragon/blast of cold (44)]
 14166 | D:11     | Killed from afar by an ice dragon

Illustrated notes

Levels and vault maps discovered:
D:1:      dpeg_arrival_round_a, layout_basic, hangedman_decor_push,
          roderic_lattice_a, bh_walls_and_bars
D:2:      minmay_alternating_diamond, layout_rooms,
          hellmonk_ecumenical_altar_arch_garden, basic_altar, serial_shops,
          nicolae_shop_competitors_out_of_business
D:3:      layout_rooms
D:4:      layout_loops_ring, serial_shops, kennysheep_mini, minmay_between
D:5:      layout_basic, mainiacjoe_overflow_concentric_impassable,
          nicolae_uskayaw_murder_on_the_dancefloor, general_overflow_altar,
          mainiacjoe_overflow_cross_hatched, serial_bayou_lake_a
D:6:      layout_gridville, minmay_temple_entry_junction,
          guppyfry_early_elven_hall
D:7:      layout_cave_pools, serial_bayou, serial_bayou_pond_e,
          serial_bayou_crossing, serial_bayou_pond_a, serial_bayou_lagoon_b
D:8:      layout_rooms, vehumet_crystals, mainiacjoe_overflow_brackets,
          serial_park_tiny_1, doesnt_shop_hydraphobe
D:9:      layout_roguey, gammafunk_ghost_smash, serial_undead, serial_undead_d,
          serial_undead_c, serial_undead_d, serial_undead_b, serial_undead_c,
          serial_undead_a, serial_undead_e, serial_undead_f, the_hattery
D:10:     layout_long_grid, lemuel_zombie_altar_yredelemnul, marbit_many_paths,
          nicolae_kikubaaqudgha_miasma_corner, david_orc_3
D:11:     dreamdust_isle_of_ice, layout_rooms, dpeg_lair_monsters,
          cheibriados_altar_1

Skill      XL: |  1  2  3  4  5  6  7  8  9 10 11 12 |
---------------+-------------------------------------+-----
Polearms       | 3 4 5 6 7 9 11 13 14 | 14.4
Armour         | 5 6 7 |  7.0
Shields        | 3 5 |  5.5
Dodging        | 1 4 |  4.8
Fighting       | 4 7 8 |  8.3

Action                   |  1- 3 |  4- 6 |  7- 9 | 10-12 || total
-------------------------+-------+-------+-------+-------++-------
Melee: Trident           |    94 |    98 |   225 |   903 ||  1320
Throw: Dart              |       |       |       |    10 ||    10
 Abil: Spit Poison       |     3 |     5 |     5 |     5 ||    18
Evoke: Wand              |       |       |       |     8 ||     8
  Use: Scroll            |       |    12 |     9 |     5 ||    26
       Potion            |       |     1 |     3 |     4 ||     8
 Stab: Sleeping          |       |       |       |     1 ||     1
Armor: Scale mail        |    37 |    17 |    46 |    97 ||   197
       Ring mail         |       |       |       |   125 ||   125
       Robe              |       |       |       |    38 ||    38
Dodge: Dodged            |    31 |    20 |    47 |   264 ||   362
Block: Buckler           |    14 |    11 |    31 |   185 ||   241
